AoeStats
← feue832223

Arabia

510511877Analyzed
1v1 RM · 1d ago on Oct 1, 2026· 34m 32s· 2 players
Game mode
Random Map
Map size
Tiny (2 player)
Population
200
Speed
Normal
Resources
Standard
Victory
Conquest
Starting age
Dark Age
Ending age
Imperial Age
RankedLock teamsTeams togetherTeam positionsShared explorationLock speedFull tech treeHidden civsTurbo modeCheats
Victory
Defeat
🇻🇳 Mongols · Vietnam
1158
+17
🇧🇷 Huns · Brazil
1179
-17
Bad Teddy
6:14 Loom
8:35 Feudal Age
9:36 Double-Bit Axe
12:10 Scale Barding Armor
14:48 Horse Collar
15:27 Fletching
19:27 Bloodlines
25:04 Castle Age
26:54 Gold Mining
30:50 Husbandry
33:09 Chain Barding Armor
33:50 Gold Shaft Mining
35:16 Forging
feue832223
7:00 Loom
9:32 Feudal Age
10:33 Double-Bit Axe
11:23 Horse Collar
16:00 Fletching
20:17 Forging
22:07 Wheelbarrow
21:50 Scale Barding Armor
23:47 Bloodlines
29:14 Castle Age
28:13 Padded Archer Armor
28:42 Gold Mining
29:08 Town Watch
30:17 Husbandry
30:34 Bow Saw
31:25 Bodkin Arrow
33:17 Ballistics
34:10 Light Cavalry
Connection lost

Rejoining the realm…

Still unreachable

The connection could not be restored.

Session expired

The server has moved on; the page needs a fresh start.